 Dungeon Crawl Stone Soup version 0.31.0-12-g77e489cdc1 (webtiles) character file.

Game seed: 9852507108077252599

58 zeram the Cudgeller (level 3, 0/35 HPs)
             Began as a Troll Reaver on Feb 11, 2024.
             Slain by a hobgoblin (6 damage)
             ... led by Robin
             ... on level 2 of the Dungeon on Feb 21, 2024.
             The game lasted 00:04:59 (975 turns).

zeram the Cudgeller (Troll Reaver)                   Turns: 975, Time: 00:04:59

Health: 0/35       AC:  4    Str: 21 (22) XL:     3   Next: 75%
Magic:  3/3        EV:  9    Int:  9      God:
Gold:   70         SH:  0    Dex:  7 (8)  Spells: 4/4 levels left

rFire   . . .        a - +0 mace
rCold   . . .        (no shield)
rNeg    . . .        b - +0 robe
rPois   .            (helmet restricted)
rElec   +            (no cloak)
rCorr   .            (gloves unavailable)
SInv    .            (boots unavailable)
Will    .....        (no amulet)
Stlth   +            (no ring)
HPRegen 1.05/turn    (no ring)
MPRegen 0.08/turn

%: no passive effects
@: no status effects
A: large, unfitting armour, claws 3, regeneration 1, shaggy fur 1, tough skin 1,
electricity resistance, MP-powered wands
a: no special abilities


You were on level 2 of the Dungeon.
You visited 1 branch of the dungeon, and saw 2 of its levels.

You collected 70 gold pieces.

Inventory:

Hand Weapons
 a - a +0 mace (weapon)
Armour
 b - a +0 robe (worn)
Talismans
 h - a maw talisman
Scrolls
 e - 2 scrolls of fog
 g - 5 scrolls of identify {unknown}
 i - 2 scrolls of vulnerability {unknown}
 j - a scroll of silence
Potions
 c - a potion of attraction {unknown}
 f - 2 potions of curing


   Skills:
 + Level 1.8 Fighting
 + Level 3.7 Maces & Flails
 + Level 1.8 Dodging
 + Level 1.3 Spellcasting
 + Level 2.4 Conjurations


You had 4 spell levels left.
You didn't know any spells.
Your spell library contained the following spells:

 Spells                   Type           Power      Damage    Failure   Level
 Kiss of Death            Conj/Necr      8%         2d6       22%         1
 Momentum Strike          Conj/Tloc      4%         3d8       32%         2
 Hailstorm                Conj/Ice       2%         3d5       54%         3
 Fugue of the Fallen      Necr           0%         N/A       73%         3
 Ozocubu's Armour         Ice            0%         N/A       73%         3
 Manifold Assault         Tloc           0%         N/A       98%         4


Dungeon Overview and Level Annotations

Branches:
Dungeon (2/15)

Altars:

Shops:
D:2 (

Annotations:
D:2 Robin


Innate Abilities, Weirdness & Mutations

You are too large for most types of armour.
You have claws for hands.
Your natural rate of healing is unusually fast.
You are covered in fur. (AC +1)
You have tough skin. (AC +1)
You are resistant to electric shocks. (rElec)
You expend magic power (3 MP) to strengthen your wands.


Message History

The goblin no longer looks unusually strong.
You hit the goblin.
You kill the goblin!
You barely miss the goblin. The goblin hits you with a +0 dagger.
Robin throws the goblin at you!
You barely miss the goblin. The goblin hits you with a +0 dagger.
The goblin hits you but does no damage.
You closely miss the goblin. The goblin hits you but does no damage.
The goblin hits you with a +0 dagger. The goblin barely misses you. x2
You closely miss the goblin. The goblin hits you but does no damage.
The goblin completely misses you.
You hit the goblin.
You kill the goblin!
The goblin barely misses you.
You sock the rat!
You kill the rat!
The goblin hits you with a +0 dagger. The hobgoblin barely misses you.
Robin hits you from afar with a +0 spear.
Items here: ))) ††††.
You barely miss the hobgoblin. The hobgoblin hits you.
Robin hits you from afar with a +0 spear.
The goblin completely misses you. The hobgoblin barely misses you.
You hit the hobgoblin.
The hobgoblin is almost dead.
Robin says, "My army is invincible!"
Robin roars a battlecry!
The goblins go into a battle-frenzy!
The goblin hits you but does no damage. The hobgoblin closely misses you.
Robin hits you from afar with a +0 spear.
* * * LOW HITPOINT WARNING * * *
The goblin hits you with a +0 dagger.
* * * LOW HITPOINT WARNING * * *
You closely miss the goblin.
The hobgoblin hits you but does no damage.
Robin hits you from afar with a +0 spear.
* * * LOW HITPOINT WARNING * * *
The goblin closely misses you.
You barely miss the goblin. The hobgoblin hits you.
You die...

.# #......####.#.#.#...######.~.#
'###.^........................~..
.........##......#..PP........~..
.........##†##.###..∩...#....#≈#.
.........##.##.....PP..##....#≈#.
.....######.######.....##....###.
......# #.# ##..#..'....###.
......## #.########.####........
........ #.#.gg@g...............
.....###. #....#####.############
#..#....# #.# . #.#..g.# #.# ##
#....gg# #.# ##..)).# #.# #.....#
#.# .........$# .# .....#.......


You could see Robin, a hobgoblin (strong) and a goblin (strong).

Vanquished Creatures
  8 bats
  4 endoplasms
  9 giant cockroaches
  9 goblins
  6 hobgoblins
  4 ball pythons
  2 frilled lizards (D:2)
  4 kobolds (D:2)
  3 rats (D:2)
49 creatures vanquished.

Notes
Turn   | Place    | Note
-------+----------+-------------------------------------------
     0 | D:1      | zeram the Troll Reaver began the quest for the Orb.
     0 | D:1      | Reached XP level 1. HP: 19/19 MP: 1/1
   300 | D:1      | Gained mutation: You are resistant to electric shocks.
                  | (rElec) [potion of mutation]
   300 | D:1      | Gained mutation: You expend magic power (3 MP) to
                  | strengthen your wands. [potion of mutation]
   303 | D:1      | Upgraded the game from 0.31.0-11-ge490571c62 to
                  | 0.31.0-12-g77e489cdc1
   359 | D:1      | Reached skill level 3 in Maces & Flails
   361 | D:1      | Reached XP level 2. HP: 20/27 MP: 2/2
   739 | D:2      | Reached XP level 3. HP: 33/35 MP: 3/3
   824 | D:2      | Found Qyutuepp's Antique Weapon Shop.
   937 | D:2      | Noticed Robin
   975 | D:2      | Slain by a hobgoblin

Illustrated notes

Levels and vault maps discovered:
D:1:      minmay_arrival_checkered_box, layout_basic
D:2:      minmay_roachtagon, layout_basic, serial_shops,
          nicolae_shop_overgrown_old_shop, chequers_serial_rivers_micro_a,
          uniq_jessica, uniq_robin

Skill      XL: |  1 |
---------------+----+-----
Maces & Flails | 3 |  3.7
Fighting       | |  1.8
Dodging        | |  1.8
Spellcasting   | |  1.3
Conjurations   | |  2.4

Action                     || total
---------------------------++-------
  Melee: Mace              ||   151
    Use: Potion            ||     4
         Scroll            ||     3
 Armour: Robe              ||   154
  Dodge: Dodged            ||   118
